AoeStats
← 江培騰

Baltic

510906602Analyzed
4v4 RM · 7h ago on Oct 3, 2026· 49m 12s· 8 players
Game mode
Random Map
Map size
Large (8 player)
Population
200
Speed
Normal
Resources
Standard
Victory
Conquest
Starting age
Dark Age
Ending age
Imperial Age
RankedLock teamsTeams togetherTeam positionsShared explorationLock speedFull tech treeHidden civsTurbo modeCheats
Victory
Defeat
🇫🇷 Vikings · France
918
+14
🇳🇱 Spanish · Netherlands
912
+15
🇨🇳 Goths · China
907
+15
🇦🇺 Malay · Australia
904
+15
🇺🇸 Varangians · United States
890
-15
🇺🇸 Byzantines · United States
889
-15
🇺🇸 Ethiopians · United States
884
-15
🇺🇸 Chinese · United States
866
-14
pdj42
0:27 Loom
16:06 Feudal Age
16:44 Double-Bit Axe
16:53 Gold Mining
17:49 Stone Mining
17:41 Horse Collar
17:48 Fishing Lines
20:15 Wheelbarrow
27:05 Fletching
27:15 Padded Archer Armor
29:29 Castle Age
30:40 Medium Warships
30:22 Gillnets
36:52 Gold Shaft Mining
36:29 Bow Saw
35:54 Pikeman
36:37 Squires
38:20 Coinage
37:53 Caravan
40:13 Forging
40:03 Scale Mail Armor
39:59 Bodkin Arrow
40:19 Leather Archer Armor
41:13 Hand Cart
48:46 Imperial Age
46:55 Siphons
47:00 Clinker Construction
47:01 Careening
46:59 Arson
46:36 Man-at-Arms
47:02 Gambesons
江培騰
0:33 Loom
13:11 Feudal Age
14:41 Double-Bit Axe
29:29 Gold Mining
29:22 Horse Collar
30:42 Wheelbarrow
29:52 Town Watch
30:16 Stone Mining
33:38 Castle Age
35:16 Bow Saw
35:10 Heavy Plow
37:08 Fortified Wall
42:22 Stone Shaft Mining
44:56 Imperial Age
47:07 Hand Cart
Iceman7
12:08 Feudal Age
12:52 Double-Bit Axe
19:18 Fishing Lines
23:00 Castle Age
20:49 Arson
22:17 Gold Mining
22:10 Horse Collar
25:20 Stone Mining
26:40 Fletching
27:22 Bow Saw
32:13 Gillnets
36:47 Loom
40:15 Imperial Age
38:44 Vendel Legacy
41:02 Bloodlines
40:53 Husbandry
41:53 Conscription
42:40 Chemistry
42:01 Ballistics
41:53 Caravan
42:04 Cavalier
47:39 Forging
47:25 Bodkin Arrow
Vortex10000
0:26 Loom
11:36 Feudal Age
13:34 Double-Bit Axe
15:12 Fletching
15:23 Padded Archer Armor
15:08 Horse Collar
19:38 Stone Mining
21:19 Wheelbarrow
22:16 Gold Mining
29:12 Castle Age
28:39 Padded Archer Armor
30:41 Pikeman
31:54 Bodkin Arrow
32:14 Leather Archer Armor
32:58 Murder Holes
33:45 Scale Mail Armor
33:56 Forging
33:59 Fortified Wall
38:18 Great Wall
46:09 Imperial Age
44:43 Masonry
45:18 Gold Shaft Mining
45:19 Stone Shaft Mining
44:46 Heavy Plow
46:49 Halberdier
Prutser
5:19 Loom
11:26 Feudal Age
13:10 Double-Bit Axe
13:08 Horse Collar
16:31 Castle Age
15:43 Fishing Lines
17:44 Wheelbarrow
17:36 Bow Saw
17:31 Heavy Plow
23:50 Gold Mining
23:51 Stone Mining
25:23 Stone Shaft Mining
25:10 Hand Cart
24:43 Loom
31:52 Ballistics
34:30 Imperial Age
32:20 Scale Barding Armor
32:30 Forging
32:24 Padded Archer Armor
35:31 Chain Barding Armor
35:32 Leather Archer Armor
34:42 Elite Conquistador
35:47 Conscription
37:46 Chemistry
37:57 Two-Man Saw
francis le tueur
12:23 Feudal Age
14:19 Double-Bit Axe
15:40 Fishing Lines
15:58 Gold Mining
16:03 Stone Mining
18:56 Castle Age
17:35 Loom
17:39 Town Watch
18:10 Forging
18:02 Scale Mail Armor
20:14 Gillnets
20:40 Bow Saw
22:43 Gold Shaft Mining
25:36 Fletching
27:01 Bodkin Arrow
32:12 Imperial Age
33:08 Ballistics
32:40 Heated Shot
32:31 Treadmill Crane
33:23 Conscription
33:13 Bogsveigar
34:35 Horse Collar
36:19 Heavy Plow
37:16 Iron Casting
36:57 Chain Mail Armor
37:52 Crop Rotation
38:26 Two-Man Saw
40:04 Blast Furnace
39:35 Plate Mail Armor
39:59 Chieftains
40:55 Elite Berserk
43:33 Elite Longship
45:29 Chemistry
44:56 Careening
45:18 Clinker Construction
48:14 Bracer
48:43 Carvel Hull
48:45 Dry Dock
48:34 Siege Engineers
SamyTheSeal
13:56 Feudal Age
16:02 Loom
19:03 Castle Age
21:22 Fishing Lines
21:42 Double-Bit Axe
26:29 Bow Saw
26:01 Horse Collar
29:16 Forging
31:29 Scale Barding Armor
32:37 Iron Casting
32:05 Husbandry
43:33 Imperial Age
41:40 Wheelbarrow
40:50 Town Watch
43:05 Heavy Plow
42:47 Capped Ram
44:08 Gold Mining
45:28 Town Patrol
45:44 Hand Cart
46:54 Masonry
48:37 Siege Engineers
48:19 Treadmill Crane
shuai81_1027
3:14 Loom
12:46 Feudal Age
13:14 Man-at-Arms
20:45 Castle Age
18:42 Horse Collar
22:15 Double-Bit Axe
23:19 Bow Saw
23:34 Heavy Plow
25:43 Fletching
25:17 Long Swordsman
29:40 Elite Skirmisher
33:51 Imperial Age
32:46 Squires
34:43 Padded Archer Armor
34:54 Forging
34:46 Scale Mail Armor
36:01 Wheelbarrow
36:12 Crop Rotation
36:08 Conscription
36:37 Anarchy
38:08 Chemistry
38:05 Two-Handed Swordsman
39:45 Hand Cart
39:27 Gold Mining
40:43 Leather Archer Armor
42:55 Ring Archer Armor
42:42 Chain Mail Armor
42:23 Bodkin Arrow
43:05 Ballistics
44:09 Champion
44:11 Elite Huskarl
44:44 Pikeman
45:28 Halberdier
47:21 Bracer
47:57 Iron Casting
Connection lost

Rejoining the realm…

Still unreachable

The connection could not be restored.

Session expired

The server has moved on; the page needs a fresh start.